 Dungeon Crawl Stone Soup version 0.30-a0-347-gf58ed5266c (webtiles) character file.

Game seed: 17606465583493478287

12404 MTVSty1e the Severer (level 11, -6/105 HPs)
             Began as a Minotaur Fighter on Nov 6, 2022.
             Was a High Priest of Okawaru.
             Mangled by a gargoyle
             ... wielding a +0 mace
              (12 damage)
             ... in a volcano.
             The game lasted 00:12:41 (10304 turns).

MTVSty1e the Severer (Minotaur Fighter)            Turns: 10304, Time: 00:12:42

Health: -6/105     AC: 12    Str: 25    XL:     11   Next: 62%
Magic:  10/12      EV: 11    Int:  5    God:    Okawaru [*****.]
Gold:   625        SH:  6    Dex: 10    Spells: 10/10 levels left

rFire   + + .      SeeInvis .    A - +1 war axe (flame)
rCold   x . .      Faith    .    c - +0 buckler
rNeg    . . .      Spirit   .    b - +1 scale mail
rPois   .          Reflect  .    H - +1 hat
rElec   .          Harm     .    E - scarf {shadows}
rCorr   .          Rampage  .    u - +0 pair of gloves
Will    .....                    (no boots)
Stlth   +.........               (no amulet)
HPRegen 0.37/turn                r - ring of protection from fire
MPRegen 0.13/turn                t - ring of fire

@: heroic
A: horns 2, retaliatory headbutt
a: Renounce Religion, Heroism, Finesse, Duel


You were in a volcano.
You worshipped Okawaru.
Okawaru was extremely pleased with you.
You visited 3 branches of the dungeon, and saw 10 of its levels.
You also visited: Sewer and Volcano.

You collected 625 gold pieces.

Inventory:

Hand Weapons
 a - a +1 war axe
 d - the +7 long sword of Kismet {vorpal, rC+++ Str+3 Int-3 SInv}
   (You found it on level 6 of the Dungeon)

   It inflicts extra damage upon your enemies.
   Str:       It affects your strength (+3).
   Int:       It affects your intelligence (-3).
   rC:        It renders you almost immune to cold.
   SInv:      It lets you see invisible.
 A - a +1 war axe of flaming (weapon)
Missiles
 x - 2 throwing nets (quivered)
Armour
 b - a +1 scale mail (worn)
 c - a +0 buckler (worn)
 u - a +0 pair of gloves (worn)
 v - a +0 cloak
 z - a scarf of invisibility
 E - a scarf of shadows (worn)
 H - a +1 hat (worn)
Jewellery
 r - a ring of protection from fire (left hand)
 t - a ring of fire (right hand)
 B - an amulet of faith
 D - a +4 ring of protection
 J - a ring of protection from cold
Wands
 f - a wand of polymorph (14)
 p - a wand of digging (5)
 w - a wand of paralysis (3)
Scrolls
 g - 3 scrolls of teleportation
 n - a scroll of blinking
 y - 3 scrolls of fear
 C - 2 scrolls of enchant armour
 G - a scroll of amnesia {unknown}
 I - 3 scrolls of identify
Potions
 h - 2 potions of mutation {unknown}
 i - a potion of berserk rage
 j - 6 potions of curing
 k - a potion of flight {unknown}
 l - 3 potions of haste
 m - 5 potions of invisibility
 o - a potion of ambrosia {unknown}
 q - a potion of degeneration {unknown}
 s - 2 potions of lignification {unknown}
 F - a potion of attraction {unknown}


   Skills:
 + Level 12.7(17.7) Fighting
 * Level 17.0(22.0) Axes
 + Level 5.5(10.5) Armour
 + Level 5.5(10.5) Shields
 + Level 3.2 Invocations


You had 10 spell levels left.
You didn't know any spells.
Your spell library contained the following spells:

 Spells                   Type           Power      Damage    Failure   Level
 Apportation              Tloc           0%         N/A       78%         1
 Necrotise                Necr           0%         1d4       78%         1
 Sandblast                Erth           0%         2d4       78%         1
 Shock                    Conj/Air       0%         1d3       78%         1
 Slow                     Hex            0%         N/A       78%         1
 Passwall                 Tmut/Erth      0%         N/A       89%         2
 Confusing Touch          Hex            0%         N/A       98%         3
 Stone Arrow              Conj/Erth      0%         3d7       98%         3
 Swiftness                Air            0%         N/A       98%         3
 Vampiric Draining        Necr           0%         2d6       98%         3
 Airstrike                Air            0%         2d(0-16)  100%        4
 Borgnjor's Revivificati  Necr           0%         N/A       100%        8
 Necromutation            Tmut/Necr      0%         N/A       100%        8
 Death's Door             Necr           0%         N/A       100%        9
 Summon Small Mammal      Summ           Unusable   N/A       N/A         1

Dungeon Overview and Level Annotations

Branches:
Dungeon (8/15)             Temple (1/1) D:6            Lair (1/5) D:8
  Sewer (visited)         Volcano (1/1)

Altars:
Ashenzari
Cheibriados
Dithmenos
Elyvilon
Fedhas
Hepliaklqana
Kikubaaqudgha
Makhleb
Nemelex Xobeh
Okawaru
Qazlal
Ru
Sif Muna
Trog
Uskayaw
Vehumet
Wu Jian
Xom
Yredelemnul
Zin
The Shining One

Shops:
D:3 *

Annotations:
D:6 4 runed translucent doors


Innate Abilities, Weirdness & Mutations

You have a pair of horns on your head.
You reflexively headbutt those who attack you in melee.


Message History

You slash the cyclops! You burn the cyclops.
The cyclops is almost dead.
You slice the cyclops!! You burn the cyclops.
You kill the cyclops!
Okawaru accepts your kill.
Things that are here:
4 large rocks; a cyclops corpse You start resting.
HP restored.
A gargoyle comes into view. It is wielding a +0 mace.
The gargoyle hurls a stone arrow at you.
The stone arrow hits you!!
The gargoyle hurls a stone arrow at you.
The stone arrow hits you!!
A gargoyle comes into view. It is wielding a +0 mace.
The gargoyle hurls a stone arrow at you.
The stone arrow hits you!! The gargoyle hits you with a +0 mace!
The gargoyle attacks as you move away! The gargoyle hits you with a +0 mace.
You are too injured to fight recklessly!
Okay, then.
You gain the combat prowess of a mighty hero.
The gargoyle closely misses you.
The gargoyle hurls a stone arrow at you.
The stone arrow hits you!
* * * LOW HITPOINT WARNING * * *
You completely miss the gargoyle. You block the gargoyle's attack.
You slash the gargoyle! You burn the gargoyle.
Your headbutt misses the gargoyle.
The gargoyle is heavily damaged.
You barely miss the gargoyle.
The gargoyle hits you but does no damage.
The gargoyle hurls a stone arrow at you.
The stone arrow hits you!!
* * * LOW HITPOINT WARNING * * *
You feel better. You block the gargoyle's attack.
The gargoyle hits you with a +0 mace!
* * * LOW HITPOINT WARNING * * *
You hit the gargoyle but do no damage. x2
The gargoyle hits you with a +0 mace!
You die...

#...⌠..#...∩.∩#
#..)...'......#
+..#8...8.'.....8#
+..####..##8..8.##
#..# #..########
#..# #..# #..+
#..# #.9# #..#
#.@# #..# #.9+
#..# #..# #..#
#..# #..#
#..####(.#
#........#
#........#
#######~~# #~~#


You could see 2 gargoyles.

Vanquished Creatures
  Gastronok (D:8)
  A death yak (Lair:1)
  Amaemon (D:8)
  3 salamanders (Volcano)
  3 cyclopes
  An elephant (D:8)
  A black mamba (Lair:1)
  Joseph (D:7)
  An orange demon (D:8)
  2 cane toads (Lair:1)
  Maggie (D:7)
  2 gargoyles (Volcano)
  Psyche (D:8)
  2 hornets (D:7)
  Prince Ribbit (D:8)
  A wyvern (D:8)
  4 basilisks
  3 yaks (Lair:1)
  2 water moccasins
  Duvessa (D:6)
  2 orc warriors
  A sky beast (D:7)
  2 black bears
  3 phantoms
  2 centaurs (D:8)
  2 ogres (D:6)
  3 kobold brigands (Sewer)
  5 bullfrogs
  A gnoll sergeant (D:8)
  A necrophage (D:5)
  3 scorpions (D:6)
  Dowan (D:6)
  2 howler monkeys (D:6)
  A hound (D:4)
  4 orc priests
  A gnoll bouda (D:5)
  5 jellies
  Ijyb (D:3)
  4 iguanas
  Natasha (thrice) (D:4)
  6 orc wizards
  Robin (D:4)
  11 gnolls
  11 adders
  2 river rats (Sewer)
  4 white imps
  4 ufetubi
  8 dart slugs
  28 orcs
  7 endoplasms
  3 giant cockroaches (D:4)
  6 hobgoblins
  6 jackals
  8 kobolds
  7 quokkas
  14 ball pythons
  4 bats
  5 frilled lizards
  17 goblins
  4 rats
236 creatures vanquished.

Vanquished Creatures (others)
  15 plants
15 creatures vanquished.

Grand Total: 251 creatures vanquished

Notes
Turn   | Place    | Note
-------+----------+-------------------------------------------
     0 | D:1      | MTVSty1e the Minotaur Fighter began the quest for the Orb.
     0 | D:1      | Reached XP level 1. HP: 19/19 MP: 0/0
   207 | D:1      | Reached skill level 3 in Axes
   407 | D:1      | Reached XP level 2. HP: 27/27 MP: 1/1
   639 | D:2      | Reached XP level 3. HP: 33/33 MP: 2/2
   804 | D:2      | Reached skill level 4 in Axes
  1173 | D:3      | Found Wasecame's General Store.
  1336 | D:3      | Found a snail-covered altar of Cheibriados.
  1394 | D:3      | Noticed Ijyb
  1403 | D:3      | Killed Ijyb
  1404 | D:3      | Reached XP level 4. HP: 35/41 MP: 3/3
  1468 | D:3      | Found a glowing golden altar of the Shining One.
  1633 | D:4      | Noticed Natasha
  1639 | D:4      | Reached skill level 5 in Axes
  1639 | D:4      | Noticed Robin
  1645 | D:4      | Killed Natasha
  1646 | D:4      | Reached XP level 5. HP: 23/47 MP: 4/4
  1651 | D:3      | Reached skill level 5 in Fighting
  1820 | D:4      | Noticed Natasha
  1896 | D:4      | Killed Natasha
  1897 | D:4      | Reached skill level 6 in Axes
  1918 | D:4      | Noticed Natasha
  1924 | D:4      | Killed Natasha
  2010 | D:4      | Noticed a black bear
  2014 | D:4      | Reached XP level 6. HP: 56/56 MP: 5/5
  2172 | D:4      | Found a glowing drain.
  2186 | Sewer    | Entered a sewer
  2254 | Sewer    | Reached skill level 7 in Axes
  2612 | Sewer    | Reached XP level 7. HP: 58/64 MP: 6/6
  2997 | D:4      | Reached skill level 8 in Axes
  3043 | D:4      | Found a hide-covered altar of Uskayaw.
  3142 | D:4      | Killed Robin
  3530 | D:5      | Entered Level 5 of the Dungeon
  3933 | D:5      | Found a white marble altar of Elyvilon.
  4235 | D:5      | Reached skill level 9 in Axes
  4629 | D:6      | Reached XP level 8. HP: 73/73 MP: 7/7
  4777 | D:6      | Noticed Duvessa
  4777 | D:6      | Noticed Dowan
  4823 | D:6      | Killed Duvessa
  4830 | D:6      | Reached skill level 10 in Axes
  5273 | D:6      | Found a large runed translucent door.
  5273 | D:6      | Found a large runed translucent door.
  5292 | D:6      | Noticed a two-headed ogre
  5292 | D:6      | Noticed a boulder beetle
  5348 | D:6      | Found a large runed translucent door.
  5348 | D:6      | Found a large runed translucent door.
  5375 | D:6      | Killed Dowan
  5376 | D:6      | Reached skill level 11 in Axes
  5526 | D:6      | Found a staircase to the Ecumenical Temple.
  5541 | Temple   | Entered the Ecumenical Temple
  5649 | D:6      | Found an ancient bone altar of Kikubaaqudgha.
  5703 | D:6      | Reached XP level 9. HP: 80/82 MP: 8/8
  5755 | D:6      | Noticed a cyclops
  5763 | D:6      | Killed a cyclops
  5764 | D:6      | Reached skill level 12 in Axes
  5767 | D:6      | Identified the +7 long sword of Kismet {vorpal, rC+++ Str+3
                  | Int-3 SInv}
  5926 | D:6      | Found a shimmering altar of Xom.
  5927 | D:6      | Found a sparkling altar of Nemelex Xobeh.
  5927 | D:6      | Found a radiant altar of Vehumet.
  5927 | D:6      | Found an iron altar of Okawaru.
  5971 | D:6      | Became a worshipper of Warmaster Okawaru
  6192 | D:7      | Paralysed by a hornet for 3 turns
  6199 | D:7      | Paralysed by a hornet for 2 turns
  6408 | D:7      | Noticed Maggie
  6421 | D:7      | Killed Maggie
  6422 | D:7      | Reached skill level 10 in Fighting
  6422 | D:7      | Reached skill level 13 in Axes
  6567 | D:7      | Found a stormy altar of Qazlal.
  6582 | D:7      | Reached * piety under Okawaru
  6773 | D:7      | Paralysed by a hornet for 3 turns
  6779 | D:7      | Paralysed by a hornet for 1 turns
  7045 | D:7      | Noticed Joseph
  7052 | D:7      | Killed Joseph
  7052 | D:7      | Reached ** piety under Okawaru
  7053 | D:7      | Reached skill level 14 in Axes
  7053 | D:7      | Reached XP level 10. HP: 85/94 MP: 9/9
  7308 | D:8      | Noticed Psyche
  7312 | D:8      | Killed Psyche
  7336 | D:8      | Noticed an orange demon
  7337 | D:8      | Noticed Amaemon
  7344 | D:8      | Killed Amaemon
  7347 | D:8      | Killed an orange demon
  7347 | D:8      | Reached *** piety under Okawaru
  7348 | D:8      | Reached skill level 15 in Axes
  7544 | D:8      | Noticed Gastronok
  7557 | D:8      | Killed Gastronok
  7557 | D:8      | Received a gift from Okawaru
  7788 | D:8      | Found a staircase to the Lair.
  7788 | D:8      | Noticed an elephant
  7817 | D:8      | Killed an elephant
  7818 | D:8      | Reached skill level 16 in Axes
  8315 | D:8      | Noticed Prince Ribbit
  8332 | D:8      | Killed Prince Ribbit
  8598 | Lair:1   | Entered Level 1 of the Lair of Beasts
  8697 | Lair:1   | Reached **** piety under Okawaru
  8698 | Lair:1   | Reached XP level 11. HP: 102/104 MP: 10/10
  8719 | Lair:1   | Reached skill level 1 in Invocations
  9008 | Lair:1   | Noticed a death yak
  9028 | Lair:1   | Killed a death yak
  9233 | Lair:1   | Found a dark tunnel.
  9238 | Volcano  | Entered a volcano
  9627 | Volcano  | Reached ***** piety under Okawaru
  9629 | Volcano  | Reached skill level 5 in Armour
  9629 | Volcano  | Reached skill level 5 in Shields
  9682 | Volcano  | Received a gift from Okawaru
 10066 | Volcano  | Reached skill level 17 in Axes
 10303 | Volcano  | HP: 5/105 [gargoyle/+0 mace (13)]
 10304 | Volcano  | Mangled by a gargoyle

Illustrated notes

Levels and vault maps discovered:
D:1:      roderic_dead_forest, layout_rooms
D:2:      layout_loops_ring
D:3:      layout_rooms, tso_metal_star, kennysheep_slug_shrine, serial_shops,
          nicolae_shop_stone, uniq_ijyb
D:4:      layout_rooms, nicolae_uskayaw_suspiria, portal_sewer_entry_f,
          minmay_joined_circles, uniq_natasha, uniq_robin
D:5:      layout_basic, mainiacjoe_overflow_24_doors, minmay_hedge_maze
D:6:      layout_basic, chequers_temple_overflow_statue_of_worship,
          kiku_gazebo_pond_becter, minmay_temple_entry_hall, interstate_on_off,
          minmay_hollow_rounded_squares, uniq_duvessa
D:7:      layout_basic, mainiacjoe_overflow_concentric_impassable, uniq_joseph,
          uniq_maggie
D:8:      layout_rooms, david_lair_generic, uniq_prince_ribbit1, uniq_psyche,
          uniq_gastronok, uniq_amaemon
Temple:   hellmonk_temple_of_storms
Lair:1:   layout_chaotic_city, enter_volcano_4, minmay_shattered_shrine,
          grunt_megastairs_5, lemuel_fruit_tree
Volcano:  hellmonk_zot_springs

Skill      XL: |  1  2  3  4  5  6  7  8  9 10 11 |
---------------+----------------------------------+-----
Axes           | 3 4 5 6 7 9 11 14 16 17 | 17.0
Fighting       | 4 5 6 7 8 10 12 | 12.7
Invocations    | 3 |  3.2
Shields        | 5 |  5.5
Armour         | 5 |  5.5

Action                   |  1- 3 |  4- 6 |  7- 9 | 10-12 || total
-------------------------+-------+-------+-------+-------++-------
Melee: War axe           |   106 |   109 |   276 |   162 ||   653
       Headbutt          |    12 |    12 |    48 |    34 ||   106
Throw: Throwing net      |       |       |     1 |       ||     1
Invok: Heroism           |       |       |       |     5 ||     5
  Use: Scroll            |       |     4 |     9 |     1 ||    14
       Potion            |       |     1 |     4 |     4 ||     9
Armor: Scale mail        |    48 |    63 |    94 |    57 ||   262
Dodge: Dodged            |    34 |    72 |   104 |    53 ||   263
Block: Buckler           |    24 |    30 |    45 |    37 ||   136

Table legend: (Time is in decaauts)
 A = Elapsed time spent in this place.
 B = Non-inter-level travel time spent in this place.
 C = Inter-level travel time spent in this place.
 D = Time resting spent in this place.
 E = Time spent auto-exploring this place.
 F = Levels seen in this place.
 G = Mean time per level.
                   A        B        C        D        E       F      G
               +--------+--------+--------+--------+--------+-----+--------+
         Total |  10517 |  10233 |    284 |   3587 |   4820 |  12 |  876.4 |
       Dungeon |   7872 |   7610 |    262 |   2327 |   3981 |   8 |  984.0 |
        Temple |     62 |     56 |      6 |      0 |     46 |   1 |   62.0 |
          Lair |    627 |    611 |     16 |    199 |    274 |   1 |  627.0 |
         Sewer |    901 |    901 |      0 |    133 |    503 |   1 |  901.0 |
       Volcano |   1053 |   1053 |      0 |    928 |     15 |   1 | 1053.0 |
               +--------+--------+--------+--------+--------+-----+--------+

Top non-repeatable levels by time:
     D:8: 1473 daAuts
     D:6: 1458 daAuts
     D:5: 1080 daAuts
 Volcano: 1053 daAuts
     D:7: 979 daAuts
     D:4: 957 daAuts
   Sewer: 901 daAuts
     D:2: 765 daAuts
     D:3: 725 daAuts
  Lair:1: 627 daAuts
     D:1: 433 daAuts
  Temple: 62 daAuts
